 Dungeon Crawl Stone Soup version 0.27-a0-909-g0721f309d1 (webtiles) character file.

Game seed: 8574601050996547451

121 skirvin the Skirmisher (level 4, 0/42 HPs)
             Began as a Minotaur Berserker on Apr 8, 2021.
             Was a Believer of Trog.
             Slain by Duvessa
             ... wielding a +0 short sword
              (14 damage)
             ... on level 4 of the Dungeon.
             The game lasted 00:04:23 (644 turns).

skirvin the Skirmisher (Minotaur Berserker)          Turns: 644, Time: 00:04:24

Health: 0/42       AC:  2    Str: 22    XL:     4   Next: 77%
Magic:  3/3        EV: 12    Int:  4    God:    Trog [**....]
Gold:   52         SH:  0    Dex: 10    Spells: 3/3 levels left

rFire    . . .     SeeInvis .   a - +0 hand axe
rCold    . . .     Faith    .   (no shield)
rNeg     . . .     Spirit   .   b - +0 animal skin
rPois    .         Reflect  .   (helmet restricted)
rElec    .         Harm     .   (no cloak)
rCorr    .         Rampage  .   (no gloves)
Will     .....                  (no boots)
Stlth    +.........             (no amulet)
HPRegen  0.14/turn              (no ring)
MPRegen  0.08/turn              (no ring)

@: no status effects
A: horns 2, retaliatory headbutt
a: Renounce Religion, Berserk, Trog's Hand


You were on level 4 of the Dungeon.
You worshipped Trog.
Trog was pleased with you.
You visited 1 branch of the dungeon, and saw 4 of its levels.

You collected 52 gold pieces.

Inventory:

Hand Weapons
 a - a +0 hand axe (weapon)
Armour
 b - a +0 animal skin (worn)
Wands
 f - a wand of paralysis (11)
Scrolls
 c - a scroll of enchant armour {unknown}
 e - a scroll of teleportation {unknown}
Potions
 d - a potion of magic {unknown}


   Skills:
 + Level 5.0 Fighting
 + Level 4.9 Axes
 + Level 2.7 Armour
 + Level 3.1 Dodging
 + Level 0.1 Stealth


You had 3 spell levels left.
You didn't know any spells.
Your spell library was empty.

Dungeon Overview and Level Annotations

Branches:
Dungeon (4/15)
 Temple: D:4-7

Altars:

Annotations:
D:3 Sigmund
D:4 Dowan, Duvessa


Innate Abilities, Weirdness & Mutations

You have a pair of horns on your head.
You reflexively headbutt those who attack you in melee.


Message History

Found a scroll labelled WIUBBY USHRAR.
The ball python barely misses you. The ball python grabs you.
The ball python constricts you.
There is an escape hatch in the floor here.
You escape the ball python's grasp.
You slide downwards.
The hatch slams shut behind you.
Reactivating autopickup.
Dowan, Brother of Duvessa comes into view.
He is wielding a +0 dagger and wearing a +1 robe of willpower.
You slash the ball python!
You kill the ball python!
Trog accepts your kill.
Dowan shouts!
You hear a shout! x2
An ogre comes into view. It is wielding a +0 giant club.
Dowan casts a spell at you. The puff of flame hits you!
Duvessa, Sister of Dowan comes into view.
She is wielding a +0 short sword.
The ogre closely misses you.
You slash the ogre! You headbutt the ogre!
The ogre is severely wounded.
You barely miss the ogre.
The ogre is severely wounded.
The ogre closely misses you.
You hit the ogre. Your headbutt misses the ogre.
The ogre is severely wounded.
The ogre closely misses you.
You slash the ogre!
You kill the ogre!
Trog accepts your kill.
You can now call upon Trog for regeneration and willpower.
Your Fighting skill increases to level 5!
Your Dodging skill increases to level 3!
You have reached level 4!
You feel agile.
A hobgoblin comes into view.
The hobgoblin shouts!
Duvessa hits you with a +0 short sword.
You barely miss Duvessa. You headbutt Duvessa, but do no damage.
Duvessa gestures with her weapon.
Duvessa hits you with a +0 short sword!
You die...

#.#
#.#
...
##.##
...
#)#
#.#
#.#
#@#
#e#
#e#
#.#
#g#
#.#
#..
#..
...


You could see Duvessa, Dowan and a hobgoblin.

Vanquished Creatures
  An ogre (D:4)
  2 orcs (D:3)
  2 bats
  An endoplasm (D:1)
  2 giant cockroaches (D:1)
  2 goblins (D:1)
  5 hobgoblins (D:1)
  4 jackals (D:1)
  3 quokkas
  2 ball pythons
  2 frilled lizards (D:1)
  3 kobolds (D:1)
  2 rats (D:1)
31 creatures vanquished.

Notes
Turn   | Place    | Note
-------+----------+-------------------------------------------
     0 | D:1      | skirvin the Minotaur Berserker began the quest for the Orb.
     0 | D:1      | Reached XP level 1. HP: 19/19 MP: 0/0
    74 | D:1      | Reached XP level 2. HP: 17/27 MP: 1/1
    86 | D:1      | Reached skill level 4 in Fighting
   515 | D:1      | Found a faded altar of an unknown god.
   553 | D:1      | Reached XP level 3. HP: 26/33 MP: 2/2
   626 | D:3      | Noticed Sigmund
   633 | D:4      | Noticed Dowan
   635 | D:4      | Noticed an ogre
   635 | D:4      | Noticed Duvessa
   641 | D:4      | Killed an ogre
   641 | D:4      | Reached ** piety under Trog
   642 | D:4      | Reached skill level 5 in Fighting
   642 | D:4      | Reached XP level 4. HP: 18/42 MP: 3/3
   644 | D:4      | Slain by Duvessa

Illustrated notes

Levels and vault maps discovered:
D:1:      psy_arrival_whirlpool, layout_rooms, basic_ecumenical_altar,
          kennysheep_crisscross
D:2:      layout_basic, uniq_robin
D:3:      layout_rooms, nicolae_wu_jian_wuxing_cycle, fedhas_altar_fruit_tree,
          gup_sewer_entry_spiral, uniq_sigmund
D:4:      layout_basic, serial_shops, nicolae_shop_waterfront,
          kennysheep_little_box, kennysheep_mini, shop, shop, uniq_ijyb,
          uniq_edmund, uniq_duvessa, uniq_crazy_yiuf_cottage

Skill      XL: |  1  2  3 |
---------------+----------+-----
Fighting       | 4 5 |  5.0
Axes           | 4 |  4.9
Dodging        | 3 |  3.1
Armour         | |  2.7
Stealth        | |  0.1

Action                   |  1- 3 |  4- 6 || total
-------------------------+-------+-------++-------
Melee: Hand axe          |    55 |     1 ||    56
       Headbutt          |     7 |     1 ||     8
Invok: Berserk           |     1 |       ||     1
Armor: Animal skin       |    10 |       ||    10
Dodge: Dodged            |    39 |       ||    39

Table legend: (Time is in decaauts)
 A = Elapsed time spent in this place.
 B = Non-inter-level travel time spent in this place.
 C = Inter-level travel time spent in this place.
 D = Time resting spent in this place.
 E = Time spent auto-exploring this place.
 F = Levels seen in this place.
 G = Mean time per level.
                   A        B        C        D        E       F      G
               +--------+--------+--------+--------+--------+-----+--------+
         Total |    662 |    662 |      0 |    318 |      0 |   4 |  165.5 |
       Dungeon |    662 |    662 |      0 |    318 |      0 |   4 |  165.5 |
               +--------+--------+--------+--------+--------+-----+--------+

Top non-repeatable levels by time:
     D:1: 587 daAuts
     D:3: 49 daAuts
     D:2: 14 daAuts
     D:4: 11 daAuts
